 Dungeon Crawl Stone Soup version 0.32-a0-995-gb4a59205af (webtiles) character file.

Game seed: 5742222810202261026

79 senseless the Slasher (level 4, 0/54 HPs)
             Began as a Coglin Berserker on Apr 22, 2024.
             Was a Believer of Trog.
             Killed by nerve-wracking pain
             ... invoked by Grinder
              (8 damage)
             ... while paralysed by Grinder
             ... on level 3 of the Dungeon.
             The game lasted 00:02:55 (1611 turns).

senseless the Slasher (Coglin Berserker)            Turns: 1611, Time: 00:02:56

Health: 0/54       AC:  8    Str: 18    XL:     4   Next: 37%
Magic:  4/4        EV:  2    Int:  6    God:    Trog [**....]
Gold:   78         SH:  0    Dex: 15    Spells: 3/3 levels left

rFire   . . .        a - +0 falchion {Koruri}
rCold   . . .        c - +0 dagger {Tae}
rNeg    . . .        e - +0 ring mail
rPois   .            (no helmet)
rElec   .            i - +2 cloak
rCorr   .            (no gloves)
SInv    .            (no boots)
Will    .....        (amulet unavailable) Stlth
                     (ring unavailable)
HPRegen 0.29/turn    (ring unavailable)
MPRegen 0.09/turn    (no gizmo)

%: no passive effects
@: paralysed, berserking
A: off-hand wielding, slow wielding, warmup strikes, no jewellery
a: Invent Gizmo, Renounce Religion, Berserk, Trog's Hand


You were on level 3 of the Dungeon.
You worshipped Trog.
Trog was pleased with you.
You visited 1 branch of the dungeon, and saw 3 of its levels.

You collected 78 gold pieces.

Inventory:

Hand Weapons
 a - a +0 falchion (weapon) {Koruri}
 c - a +0 dagger (offhand) {Tae}
Armour
 e - a +0 ring mail (worn)
 i - a +2 cloak (worn)
Scrolls
 b - a scroll of enchant armour {unknown}
 f - a scroll of identify {unknown}
 h - a scroll of enchant weapon {unknown}
Potions
 d - 2 potions of heal wounds {unknown}
 g - a potion of brilliance {unknown}
 j - a potion of might {unknown}
 k - a potion of invisibility {unknown}


   Skills:
 + Level 3.6 Fighting
 + Level 3.6 Long Blades
 + Level 2.5 Armour
 + Level 2.4 Dodging


You had 3 spell levels left.
You didn't know any spells.
Your spell library contained the following spells:

 Spells                   Type           Power      Damage    Failure   Level
 Jinxbite                 Hex            0%         N/A       78%         2
 Fugue of the Fallen      Necr           0%         N/A       95%         3
 Ozocubu's Armour         Ice            0%         N/A       95%         3
 Volatile Blastmotes      Fire/Tloc      0%         2d10      95%         3
 Fulminant Prism          Conj/Alch      0%         3d5       100%        4
 Iskenderun's Mystic Bla Conj/Tloc 0%             2d3        (+2d1     100%        4
 Yara's Violent Unravell  Hex/Alch       0%         3d3       100%        5
 Enfeeble                 Hex            0%         N/A       100%        7
 Manifold Assault         Tloc           0%         N/A       100%        7


Dungeon Overview and Level Annotations

Branches:
Dungeon (3/15)

Altars:

Annotations:
D:3 Grinder


Innate Abilities, Weirdness & Mutations

You can wield a second weapon in your off-hand.
It takes a long time for you to wield or remove held weapons.
Your first few attacks do less damage.
You cannot equip rings or amulets.


Message History

You barely resist. The endoplasm freezes you.
You are frozen.
You closely miss Grinder with your +0 falchion.
The orc shouts!
You puncture Grinder with your +0 dagger!
You hit Grinder with your +0 falchion.
Grinder is moderately wounded.
You puncture Grinder with your +0 dagger!
The endoplasm hits you but does no damage.
Grinder closely misses you.
You hit Grinder with your +0 dagger.
Grinder is severely wounded.
You hit Grinder with your +0 falchion. The endoplasm closely misses you.
Grinder gestures at you.
You suddenly lose the ability to move!
Grinder gestures at you. You resist with significant effort.
The endoplasm freezes you.
You are frozen.
The orc hits you with a +0 club. Grinder gestures at you.
Pain shoots through your body! The orc hits you but does no damage.
The endoplasm hits you but does no damage.
Grinder hits you.
* * * LOW HITPOINT WARNING * * *
The orc completely misses you. The endoplasm barely misses you.
The orc hits you but does no damage. Grinder gestures at you.
Pain shoots through your body!
* * * LOW HITPOINT WARNING * * *
The endoplasm freezes you.
You are frozen.
* * * LOW HITPOINT WARNING * * *
The endoplasm freezes you.
You are frozen.
* * * LOW HITPOINT WARNING * * *
Grinder gestures at you. Pain shoots through your body!
You die...
Grinder sighs, "Dead already?
I want a refund."

#######.# .....
#.#...#.# .....##
#.#.###.# .......
#.....#.# ......
#.#.#.#.# #....
#.#.#.#<# ###...o
#.#.#.#.#
....>o5###...#...#
##..BJ@.....#####
#....o..#####
#....)#.#
...#...#.# ##
#.#.#.# .....#..
##. ..#+# #....
...


You could see Grinder, 3 orcs, an endoplasm and a giant cockroach.

Vanquished Creatures
  A bombardier beetle (D:3)
  An orc (D:3)
  3 ball pythons
  4 endoplasms (D:1)
  2 giant cockroaches
  9 goblins
  6 hobgoblins
  A kobold (D:1)
  3 quokkas (D:1)
  4 bats (D:1)
  6 rats
40 creatures vanquished.

Notes
Turn   | Place    | Note
-------+----------+-------------------------------------------
     0 | D:1      | senseless the Coglin Berserker began the quest for the Orb.
     0 | D:1      | Reached XP level 1. HP: 18/18 MP: 1/1
   125 | D:1      | Reached XP level 2. HP: 23/24 MP: 2/2
   368 | D:1      | Reached XP level 3. HP: 24/29 MP: 3/3
   370 | D:1      | Reached ** piety under Trog
  1582 | D:3      | Reached XP level 4. HP: 36/36 MP: 4/4
  1595 | D:3      | Noticed Grinder
  1598 | D:3      | Paralysed by Grinder for 5 turns
  1606 | D:3      | Paralysed by Grinder for 5 turns
  1611 | D:3      | Killed from afar by Grinder

Illustrated notes

Levels and vault maps discovered:
D:1:      shiori_arrival_maze, layout_basic, serial_bayou_pond_c,
          minmay_misc_feat_x
D:2:      layout_loops_ring
D:3:      layout_basic, uniq_crazy_yiuf_cottage, uniq_grinder, uniq_sigmund

Skill      XL: |  1  2 |
---------------+-------+-----
Armour         | 2 |  2.5
Dodging        | 2 |  2.4
Fighting       | |  3.6
Long Blades    | |  3.6

Action                     |  1- 3 |  4- 6 || total
---------------------------+-------+-------++-------
  Melee: Falchion          |    98 |     5 ||   103
         Dagger            |    88 |     4 ||    92
 Invoke: Berserk           |       |     1 ||     1
 Armour: Ring mail         |    41 |    13 ||    54
         Animal skin       |     4 |       ||     4
  Dodge: Dodged            |    38 |     5 ||    43

Table legend: (Time is in decaauts)
 A = Elapsed time spent in this place.
 B = Non-inter-level travel time spent in this place.
 C = Inter-level travel time spent in this place.
 D = Time resting spent in this place.
 E = Time spent auto-exploring this place.
 F = Levels seen in this place.
 G = Mean time per level.
                   A        B        C        D        E       F      G
               +--------+--------+--------+--------+--------+-----+--------+
         Total |   1618 |   1469 |    149 |      0 |   1224 |   3 |  539.3 |
       Dungeon |   1618 |   1469 |    149 |      0 |   1224 |   3 |  539.3 |
               +--------+--------+--------+--------+--------+-----+--------+

Top non-repeatable levels by time:
     D:1: 995 daAuts
     D:2: 583 daAuts
     D:3: 38 daAuts
